 Dungeon Crawl Stone Soup version 0.30.0-5-g1a98f26d00 (webtiles) character file.

Game seed: 12606269568073415724

1897 buriedalive the Nimble (level 8, 0/41 HPs)
             Began as a Deep Elf Ice Elementalist on May 8, 2023.
             Was a Follower of Kikubaaqudgha.
             Slain by Joseph
             ... wielding a +5 quarterstaff
              (8 damage)
             ... on level 7 of the Dungeon.
             The game lasted 00:14:52 (5279 turns).

buriedalive the Nimble (Deep Elf Ice Elementalist)  Turns: 5279, Time: 00:14:54

Health: 0/41       AC: 16    Str:  5    XL:     8   Next: 93%
Magic:  8/17       EV: 17    Int: 23    God:    Kikubaaqudgha [*.....]
Gold:   173        SH:  0    Dex: 15    Spells: 6/17 levels left

rFire   + . .        f - +2 whip (flame)
rCold   . . .        (no shield)
rNeg    . . .        a - +0 robe
rPois   .            n - +0 helmet
rElec   .            s - +0 cloak
rCorr   .            (no gloves)
SInv    .            (no boots)
Will    .....        (no amulet)
Stlth   ++           d - +4 ring of protection
HPRegen 0.26/turn    p - ring of protection from fire
MPRegen 0.15/turn

%: no passive effects
@: ice-armoured, freezing walls, invisible
A: no striking features
a: Renounce Religion, Unearth Wretches


You were on level 7 of the Dungeon.
You worshipped Kikubaaqudgha.
Kikubaaqudgha was aware of your devotion.
You visited 2 branches of the dungeon, and saw 8 of its levels.

You collected 270 gold pieces.
You spent 97 gold pieces at shops.

Inventory:

Hand Weapons
 f - a +2 whip of flaming (weapon)
Missiles
 c - 21 stones
 r - 20 poisoned darts
Armour
 a - a +0 robe (worn)
 n - a +0 helmet (worn)
 s - a +0 cloak (worn)
Jewellery
 d - a +4 ring of protection (left hand)
 p - a ring of protection from fire (right hand)
 y - a ring of protection from fire
Wands
 e - a wand of iceblast (10)
 q - a wand of flame (29)
Scrolls
 g - 4 scrolls of teleportation
 h - 2 scrolls of identify
 j - a scroll of enchant armour {unknown}
 w - a scroll of blinking
Potions
 b - a potion of magic
 i - 3 potions of haste
 z - a potion of degeneration


   Skills:
 + Level 9.8 Dodging
 - Level 2.4 Stealth
 - Level 5.0 Spellcasting
 + Level 1.9 Summonings
 - Level 9.5 Ice Magic


You had 6 spell levels left.
You knew the following spells:

 Your Spells              Type           Power      Damage    Failure   Level
a - Freeze                Ice            100%       1d10      1%          1
b - Ozocubu's Armour      Ice            49%        N/A       1%          3
c - Frozen Ramparts       Ice            98%        1d15      1%          3
d - Summon Ice Beast      Ice/Summ       32%        N/A       9%          4

Your spell library contained the following spells:

 Spells                   Type           Power      Damage    Failure   Level
 Call Imp                 Summ           28%        N/A       6%          2
 Kiss of Death            Conj/Necr      20%        2d7       10%         1
 Magic Dart               Conj           20%        1d4       10%         1
 Necrotise                Necr           20%        1d5       10%         1
 Slow                     Hex            20%        N/A       10%         1
 Cigotuvi's Dreadful Rot  Necr/Pois/Air  10%        N/A       14%         2
 Sublimation of Blood     Necr           5%         N/A       14%         2
 Confusing Touch          Hex            5%         N/A       28%         3
 Mephitic Cloud           Conj/Pois/Air  5%         N/A       28%         3
 Vampiric Draining        Necr           5%         2d6       28%         3


Dungeon Overview and Level Annotations

Branches:
Dungeon (7/15)             Temple (1/1) D:4

Altars:
Ashenzari
Elyvilon
Fedhas
Gozag
Hepliaklqana
Kikubaaqudgha
Makhleb
Nemelex Xobeh
Okawaru
Qazlal
Ru
Sif Muna
Trog
Vehumet
Wu Jian
Xom
Yredelemnul
Zin
The Shining One

Shops:
D:1 !   D:4 ?

Annotations:
D:7 Joseph


Message History

Casting: Freeze (safe; 1% risk of failure)
Confirm with . or Enter, or press ? or * to list all spells.
Casting: Frozen Ramparts (safe; 1% risk of failure)
Press: ? - help, Dir - look around, f - activate The walls around you are covered in ice.
The wall freezes Joseph.
Joseph zaps a wand.
The bolt of light hits you!
You are confused.
* * * LOW HITPOINT WARNING * * *
You feel better.
The wall freezes Joseph.
Joseph hits you but does no damage.
You feel better.
The wall freezes Joseph!
Joseph hits you with a +5 quarterstaff!
* * * LOW HITPOINT WARNING * * *
You fade into invisibility!
The wall freezes Joseph but does no damage.
Joseph zaps a wand.
The bolt of light misses you.
Casting: Frozen Ramparts (safe; 1% risk of failure)
Confirm with . or Enter, or press ? or * to list all spells.
You cannot sustain more frozen ramparts right now.
Casting: Frozen Ramparts (safe; 1% risk of failure)
Confirm with . or Enter, or press ? or * to list all spells.
A film of ice covers your body!
The wall freezes Joseph.
Joseph hits you but does no damage.
Unknown command.
Casting: Ozocubu's Armour (safe; 1% risk of failure)
Confirm with . or Enter, or press ? or * to list all spells.
The spell is quite dangerous to miscast (9% risk of failure)!
Continue anyway?
A chill wind blows around you.
The wall freezes Joseph!
Joseph zaps a wand.
Unknown command.
What are your orders? t - Shout!
Orders for allies: a - Attack new target. r - Retreat! s - Stop attacking. g - Guard the area. f - Follow me.
Anything else - Cancel.
Gang up on whom?
Press: ? - help, Dir - move target, f - Joseph
Aim: Joseph, wielding a +5 quarterstaff, wearing a +0 leather armour and carrying a wand of light (11) (heavily wounded, unable to see you, ally target) Attack!
The wall freezes Joseph.
Joseph hits you with a +5 quarterstaff!
You die...
Kikubaaqudgha rasps: "You have failed me!
Welcome... death!"

..## .# .#. #. #####.#
.. #. #.....# #.# #.
#.....# ..# #
###.##.....##.Y##.#.
##.#...........@.......
.........).....@#
##.#....#.....#.# .
..........#.#.#.# ..
##.##..<#.#.#.#.# #...
#........#.#.#.# .....
#........#.#.#.#......
#..##...##.#.....# #..
.......###........ ##
###..#### #########


You could see Joseph (unable to see you, ally target) and a friendly ice beast
(summoned).

Vanquished Creatures
  Pikel (D:6)
  Grinder (D:4)
  Edmund (D:6)
  A water moccasin (D:6)
  2 ogres
  A centaur (D:5)
  2 phantoms (D:5)
  A scorpion (D:4)
  A howler monkey (D:5)
  2 jellies
  A sleepcap (D:4)
  Crazy Yiuf (D:4)
  A gnoll bouda (D:6)
  3 hounds
  An iguana (D:5)
  Terence (D:3)
  An orc wizard (D:6)
  Robin (D:4)
  5 gnolls (D:6)
  5 adders
  A white imp (D:5)
  An ufetubus (D:4)
  3 worms
  3 dart slugs
  11 orcs
  6 ball pythons
  10 endoplasms
  3 giant cockroaches
  14 goblins
  8 hobgoblins
  4 kobolds
  3 quokkas
  6 bats
  3 frilled lizards
  4 rats
113 creatures vanquished.

Notes
Turn   | Place    | Note
-------+----------+-------------------------------------------
     0 | D:1      | buriedalive the Deep Elf Ice Elementalist began the quest
                  | for the Orb.
     0 | D:1      | Reached XP level 1. HP: 10/10 MP: 6/6
   234 | D:1      | Found Mebbocs's Distillery.
   276 | D:1      | Found a faded altar of an unknown god.
   287 | D:1      | Reached XP level 2. HP: 15/15 MP: 5/8
  1097 | D:2      | Reached XP level 3. HP: 17/19 MP: 7/10
  1732 | D:3      | Reached skill level 5 in Ice Magic
  1869 | D:3      | Noticed Terence
  1884 | D:3      | Killed Terence
  1885 | D:3      | Reached XP level 4. HP: 24/24 MP: 0/12
  2239 | D:4      | Noticed an ogre
  2239 | D:4      | Found Jeopus's Magic Scroll Boutique.
  2413 | D:4      | Learned a level 3 spell: Frozen Ramparts
  2417 | D:4      | Learned a level 3 spell: Ozocubu's Armour
  2446 | D:4      | Reached XP level 5. HP: 28/28 MP: 12/14
  2506 | D:4      | Bought a scroll of blinking for 97 gold pieces
  2541 | D:4      | Reached skill level 5 in Spellcasting
  2644 | D:4      | Noticed Robin
  2675 | D:4      | Killed Robin
  2730 | D:4      | Killed an ogre
  2731 | D:4      | Reached skill level 5 in Dodging
  2731 | D:4      | Reached XP level 6. HP: 30/32 MP: 8/15
  2823 | D:4      | Noticed Grinder
  2823 | D:4      | Paralysed by Grinder for 5 turns
  2845 | D:4      | Paralysed by Grinder for 5 turns
  2866 | D:4      | Paralysed by Grinder for 3 turns
  2887 | D:4      | Paralysed by Grinder for 5 turns
  2892 | D:4      | Killed Grinder
  2893 | D:4      | Reached XP level 7. HP: 19/36 MP: 13/16
  3019 | D:4      | Found an iron altar of Okawaru.
  3053 | D:4      | Found a staircase to the Ecumenical Temple.
  3063 | Temple   | Entered the Ecumenical Temple
  3172 | Temple   | Became a worshipper of Kikubaaqudgha
  3307 | D:4      | Found a runed translucent door.
  3308 | D:4      | Noticed Crazy Yiuf
  3324 | D:4      | Killed Crazy Yiuf
  3409 | D:5      | Entered Level 5 of the Dungeon
  4139 | D:5      | You fall into a shaft and drop 1 floor!
  4174 | D:6      | Noticed Pikel
  4192 | D:6      | Killed Pikel
  4193 | D:6      | Reached XP level 8. HP: 39/41 MP: 11/17
  4502 | D:6      | Noticed Edmund
  4512 | D:6      | Killed Edmund
  4559 | D:6      | Identified the +8 chain mail "Xyun" {rF+}
  4854 | D:6      | Reached * piety under Kikubaaqudgha
  4854 | D:6      | Received a gift from Kikubaaqudgha
  4873 | D:6      | Learned a level 4 spell: Summon Ice Beast
  4939 | D:6      | Reached skill level 1 in Summonings
  5156 | D:7      | Noticed Joseph
  5273 | D:7      | HP: 1/41 [Joseph/bolt of light (8)]
  5279 | D:7      | Slain by Joseph

Illustrated notes

Levels and vault maps discovered:
D:1:      dpeg_arrival_stone_temple_mockup, layout_loops_ring,
          ebering_ecumenical_altar_rust, serial_shops, nicolae_lakefront_shop
D:2:      layout_loops_ring, chequers_serial_rivers_large_a
D:3:      layout_rooms, minmay_misc_feat_four_crosses, uniq_terence
D:4:      layout_cave_pools, mainiacjoe_overflow_tiny_flanked,
          minmay_temple_entry_mist, serial_shops, shop, uniq_crazy_yiuf_cottage,
          uniq_robin, uniq_grinder
D:5:      layout_basic
D:6:      layout_loops_ring, uniq_edmund, uniq_pikel
D:7:      layout_basic, serial_shops, nicolae_shop_back_alley_shop, uniq_joseph
Temple:   regret_index_temple_chain_breaker

Skill      XL: |  1  2  3  4  5  6  7  8 |
---------------+-------------------------+-----
Dodging        | 3 4 5 6 8 9 |  9.8
Spellcasting   | 4 5 |  5.0
Ice Magic      | 5 6 9 |  9.5
Summonings     | 1 |  1.9
Stealth        | |  2.4

Action                     |  1- 3 |  4- 6 |  7- 9 || total
---------------------------+-------+-------+-------++-------
  Melee: Unarmed           |     3 |       |       ||     3
         Dagger            |    45 |    13 |       ||    58
         Short sword       |       |    16 |       ||    16
         Rapier            |       |    28 |    68 ||    96
         Punch             |       |       |     2 ||     2
         Whip              |       |       |    39 ||    39
   Cast: Freeze            |    52 |    21 |    16 ||    89
         Frozen Ramparts   |       |     6 |    11 ||    17
         Ozocubu's Armour  |       |     5 |    10 ||    15
         Summon Ice Beast  |       |       |     1 ||     1
    Use: Potion            |     2 |     7 |     4 ||    13
         Scroll            |       |       |    11 ||    11
   Stab: Sleeping          |     6 |     1 |     1 ||     8
 Armour: Robe              |    25 |    29 |    35 ||    89
         Skin              |       |    12 |       ||    12
  Dodge: Dodged            |    55 |    56 |    94 ||   205
